Unix NetHack Version 5.0.0-0 post-release - last build May 31 2026 23:59:36 (970b52f25bf058293b47ddfd14a1e40e571c508c,branch:main).

Game began 2026-06-05 09:38:59, ended 2026-06-05 11:04:13.

Anarchos, lawful female dwarven Valkyrie

             -------                           --------
             |.(...|       ------    ##########........##
 -----       |......###    |..`.|              |......| ####       ---------
 |...|       |.....|  #####|{...|             #.......|       #####-..))..!|
 |...|       ---.---      #.._..|             #|.....F|       #    |[%.%...|
 |....#                    |l@e.|             %-.------       #    |)..).(.|
 --+--#                    |..q.|             # ##            (    |.!!..*[|
   #  #                    ---u--             #  #(           #    |[!!)...|
   #####       ##             #q##          ###   ####(#      #    |...).?.|
      `########################f#############          #      #    ---------
    ###      #                   #          #########  ##     #
    #--------.----               #               -.-.---.--  ##
    #-....<......|           ----.------         |........|  #
     |...........|           |..........#        |........|  #
     |...........|           |..>......|         |........| ##
     -------------           |.........|         |........-##
                             |.........|         |........|
                             -----------         |........|
                                                 ----------

Anarchos the Fighter        St:18/02 Dx:17 Co:17 In:3 Wi:9 Ch:10  Lawful
Dlvl:6  $:42 HP:0(59) Pw:8(8) AC:6  Xp:6/576 T:4957  Hungry   Strained

Latest messages:
 You are surrounded by a shimmering light.
 The straw golem starts to attack you, but pulls back.
 The rothe starts to attack you, but pulls back.
 The straw golem starts to attack you, but pulls back.
 The rothe starts to attack you, but pulls back.
 The straw golem starts to attack you, but pulls back.
 The rothe starts to attack you, but pulls back.
 You finish your prayer.
 You feel that Tyr is well-pleased.
 You feel much better.
 The straw golem hits!
 The straw golem hits again!
 The rothe hits!
 The rothe bites!
 The rothe misses!
 The straw golem hits!
 The straw golem hits again!
 The straw golem hits!
 The straw golem hits again!
 The straw golem hits!
 The straw golem misses!
 The rothe hits!
 The rothe misses!
 The rothe bites!
 What do you want to sacrifice? [p or ?*] p
 Nothing happens.
 The rothe hits!
 The rothe bites!
 The rothe bites again!
 You are beginning to feel hungry.
 The massive hammer hits!  Lightning strikes the rothe!
 You feel more confident in your weapon skills.
 You kill the rothe!
 You have much trouble lifting a rothe corpse.  Continue? [ynq] (q) y
 You have much trouble lifting r - a rothe corpse.
 y - a cloudy potion.
 You stagger under your heavy load.  Movement is very hard.
 The rothe hits!
 The rothe bites!
 The rothe bites again!
 The rothe hits!
 The rothe bites!
 The rothe bites again!
 You don't have enough stamina to move.
 The rothe just misses!
 The rothe bites!
 The rothe bites again!
 You die...
 Do you want your possessions identified? [ynq] (y) y
 Do you want to see your attributes? [ynq] (y) q

Inventory:
 Coins    ('$')
  $ - 42 gold pieces
 Weapons  (')')
  R - 3 +0 darts
  b - a +1 dagger
  A - a blessed +2 elven spear
  S - 2 +0 orcish daggers
  M - a cursed -1 orcish dagger
  V - the rustproof +0 Mjollnir (weapon in right hand)
  z - a +1 scimitar
  B - a +0 scimitar
 Armor    ('[')
  q - an uncursed +0 helm of brilliance (being worn)
  G - a blessed +1 orcish helm
  P - an uncursed +0 orcish helm
  c - an uncursed burnt +3 small shield (being worn)
  N - an uncursed +0 mummy wrapping (being worn)
 Comestibles  ('%')
  i - a cursed rotten tin of newt meat
  p - an uncursed iron piercer corpse
  r - an uncursed rothe corpse
 Scrolls  ('?')
  u - a cursed scroll of amnesia
  X - 2 uncursed scrolls of create monster
  Y - 2 uncursed scrolls of enchant armor
  l - an uncursed scroll of enchant weapon
  O - 3 uncursed scrolls of light
  L - an uncursed scroll of stinking cloud
 Spellbooks  ('+')
  j - an uncursed spellbook of confuse monster
  F - an uncursed spellbook of invisibility
 Potions  ('!')
  v - a cursed potion of full healing
  D - 3 uncursed potions of gain ability
  C - 2 uncursed potions of levitation
  y - an uncursed potion of monster detection
  m - an uncursed potion of see invisible
  T - an uncursed potion of sleeping
  U - a blessed potion of speed
  a - an uncursed potion of water
 Rings    ('=')
  E - an uncursed +2 ring of gain strength (on left hand)
 Wands    ('/')
  x - a cursed wand of polymorph (0:8)
  I - a wand of sleep (0:6)
  W - a wand of sleep (0:6)
  n - a wand of slow monster (0:8)
  Z - a wand of teleportation (0:5)
 Tools    ('(')
  t - an uncursed magic lamp
  s - an uncursed magic whistle
  g - an uncursed mirror
  K - an uncursed stethoscope
 Gems/Stones  ('*')
  d - an uncursed fluorite stone
  w - a cursed worthless piece of black glass
  f - an uncursed worthless piece of yellowish brown glass
 Iron balls  ('0')
  h - an uncursed heavy iron ball

Anarchos the Valkyrie's attributes:

Background:
 You were a Fighter, a level 6 dwarven Valkyrie.
 You were lawful, on a mission for Tyr
 who was opposed by Odin (neutral) and Loki (chaotic).
 You were right-handed.
 You were in the Dungeons of Doom, on level 6.
 You entered the dungeon 4957 turns ago.
 You had 576 experience points, 64 more were needed to attain level 7.

Basics:
 You had 0 out of 59 hit points.
 You had all 8 energy points (spell power).
 Your armor class was 6.
 Your wallet contained 42 zorkmids.
 Autopickup was on for all types.

Final Characteristics:
 Your strength was 18/02 (base:18, limit:18/100).
 Your dexterity was 17 (limit:20).
 Your constitution was 17 (limit:20).
 Your intelligence was 3 (peak:7, limit:16).
 Your wisdom was 9 (limit:16).
 Your charisma was 10 (limit:16).

Final Status:
 You were hungry.
 You were strained; movement was very slowed.
 You were wielding a hammer.
 You were unskilled in hammer and could have enhanced that.

Final Attributes:
 You were piously aligned.
 You were cold resistant.
 You had infravision.
 You were stealthy.
 You were warded.
 You are dead.

Miscellaneous:
 You didn't encounter any bones levels.
 Total elapsed playing time was 1 hour, 24 minutes and 20 seconds.

Major events:
 Turn
    1: Anarchos the lawful dwarven Valkyrie entered the dungeon
 1176: attained the rank of Skirmisher (level 3)
 3429: was bestowed with Mjollnir by Tyr
 3867: attained the rank of Fighter (level 6)
 4957: killed by a rothe

You didn't know any spells.

Skills:
 Fighting Skills
   bare handed combat [Unskilled]
   two weapon combat  [Unskilled]
   riding             [Unskilled]
 Weapon Skills
   dagger             [Basic]
   axe                [Unskilled]
   pick-axe           [Unskilled]
   short sword        [Unskilled]
   broadsword         [Unskilled]
   long sword         [Unskilled]
   two-handed sword   [Unskilled]
   saber              [Unskilled]
   hammer             [Unskilled]
   quarterstaff       [Unskilled]
   polearms           [Unskilled]
   spear              [Basic]
   trident            [Unskilled]
   lance              [Unskilled]
   sling              [Unskilled]
 Spellcasting Skills
   attack spells      [Unskilled]
   escape spells      [Unskilled]

Voluntary challenges:
 Character rerolling was not enabled.
 You never genocided any monsters.
 You never polymorphed an object.
 You never changed form.
 You used no wishes.
Achievements:
 You attained the rank of Skirmisher.
 You entered a shop.
 You attained the rank of Fighter.

 The Dungeons of Doom: levels 1 to 6
    Level 1:
    Level 2:
    Level 3:
       A fountain.
    Level 4:
       An altar.
    Level 5:
    Level 6: <- You were here.
       A general store, an altar to Tyr, a fountain.
       Final resting place for
          you, killed by a rothe.


Vanquished creatures:
  a giant mimic
  a small mimic
 an iron piercer
  a raven
  a water nymph
  a shrieker
  a kobold mummy
  a ghoul
  a straw golem
  6 giant ants
  4 floating eyes
  a kobold leader
  2 kobold shamans
  3 hill orcs
  2 rothes
  a rabid rat
  a giant bat
  2 werejackals
  3 iguanas
  2 acid blobs
  2 coyotes
  a gas spore
  a large kobold
  a hobgoblin
  a giant rat
  3 cave spiders
  a yellow mold
  a red mold
  a gnome zombie
  a gecko
  7 jackals
  a fox
  2 goblins
  2 sewer rats
  8 grid bugs
  4 lichens
  a kobold zombie
  7 newts
81 creatures vanquished.

No species were genocided or became extinct.

Game over:
                       ----------
                      /          \
                     /    REST    \
                    /      IN      \
                   /     PEACE      \
                  /                  \
                  |     Anarchos     |
                  |      42 Au       |
                  |   killed by a    |
                  |      rothe       |
                  |                  |
                  |                  |
                  |       2026       |
                 *|     *  *  *      | *
        _________)/\\_//(\/(/\)/\//\/|_)_______

Farvel Anarchos the Valkyrie...

You died in The Dungeons of Doom on dungeon level 6 with 2642 points,
and 42 pieces of gold, after 4957 moves.
You were level 6 with a maximum of 59 hit points when you died.

